 Dungeon Crawl Stone Soup version 0.21-a0-404-g291f19a (webtiles) character file.

61483 TheDeThijs the Bludgeoner (level 14, 0/118 HPs)
             Began as a Minotaur Berserker on Oct 27, 2017.
             Was a High Priest of Trog.
             Killed from afar by an orc sorcerer (35 damage)
             ... with a bolt of negative energy
             ... on level 2 of the Orcish Mines on Oct 28, 2017.
             The game lasted 02:24:58 (19526 turns).

TheDeThijs the Bludgeoner (Minotaur Berserker)     Turns: 19526, Time: 02:24:59

Health: 0/118      AC: 27    Str: 35    XL:     14   Next: 60%
Magic:  13/13      EV: 20    Int:  4    God:    Trog [*****.]
Gold:   503        SH: 27    Dex:  6    Spells: 13/13 levels left

rFire    . . .     SeeInvis .   M - +2 morningstar (protect)
rCold    + . .     Gourm    .   m - +2 large shield
rNeg     . . .     Faith    .   F - +5 chain mail "Unebbotu" {+Inv rC+ Str+9 Dex-5}
rPois    .         Spirit   .   (helmet restricted)
rElec    .         Reflect  +   q - +0 cloak
rCorr    .         Harm     .   (no gloves)
MR       ++...                  J - +0 pair of boots
Stlth    ..........             d - +4 amulet of reflection
HPRegen  0.29/turn              p - +3 ring of evasion
MPRegen  0.13/turn              P - ring of Phasing {EV+8}

@: about to teleport, protection aura, heavily drained
A: retaliatory headbutt, horns 2, frail 1, magic resistance 1, no potion heal 1,
MP-powered wands
a: Berserk, Trog's Hand, Brothers in Arms, Burn Spellbooks, Renounce Religion,
Evoke Invisibility


You were on level 2 of the Orcish Mines.
You worshipped Trog.
Trog was extremely pleased with you.
You were not hungry.

You visited 4 branches of the dungeon, and saw 21 of its levels.
You also visited: Ossuary.

You collected 1453 gold pieces.
You spent 950 gold pieces at shops.

Inventory:

Hand Weapons
 M - a +2 morningstar of protection (weapon)
 Q - a +0 antimagic morningstar
Armour
 m - a +2 large shield (worn)
 q - a +0 cloak (worn)
 F - the +5 chain mail "Unebbotu" (worn) {+Inv rC+ Str+9 Dex-5}
   (You bought it in a shop on level 12 of the Dungeon)

   It affects your strength (+9).
   It affects your dexterity (-5).
   It protects you from cold.
   It lets you turn invisible.
 J - a +0 pair of boots (worn)
Jewellery
 d - a +4 amulet of reflection (around neck)
 p - a +3 ring of evasion (left hand)
 P - the ring of Phasing (right hand) {EV+8}
   (You found it on level 9 of the Dungeon)

   [ring of evasion]

   It affects your evasion (+8).
Wands
 a - a wand of lightning (10/15)
 A - a wand of polymorph (17/24)
 H - a wand of lightning (6/15)
 N - a wand of lightning (8/15)
 O - a wand of acid (6/15)
 T - a wand of disintegration (6/24)
 U - a wand of flame (29/48)
 Z - a wand of lightning (9/15)
Scrolls
 f - a scroll of immolation
 g - a scroll of magic mapping
 k - 9 scrolls of identify
 o - a scroll of blinking
 t - 7 scrolls of recharging
 u - 6 scrolls of amnesia
 x - a scroll of teleportation
 y - 6 scrolls of remove curse
 C - 6 scrolls of enchant weapon
 D - a scroll of enchant armour
 G - 2 scrolls of acquirement {unknown}
 K - 5 scrolls of fog
 L - a scroll of fear
 R - a scroll of torment {unknown}
Potions
 h - a potion of flight {unknown}
 j - 4 potions of mutation
 s - 3 potions of agility
 v - 4 potions of magic
 S - a potion of haste
Miscellaneous
 e - a lightning rod (4/4)
 W - a fan of gales
 X - a phial of floods
Comestibles
 b - 3 royal jellies
 c - 6 bread rations
 i - 19 fruits
 z - 8 meat rations


   Skills:
 - Level 14.1(12.4) Fighting
 + Level 16.8(14.9) Maces & Flails
 - Level 12.7(11.0) Armour
 - Level 8.4(6.9) Dodging
 - Level 0.2(0.0) Stealth
 + Level 14.7(13.0) Shields


You had 13 spell levels left.
You didn't know any spells.

Dungeon Overview and Level Annotations

Branches:
Dungeon (12/15)            Temple (1/1) D:6            Lair (6/6) D:11
  Swamp (0/4) Lair:4       Spider (0/4) Lair:4        Slime (0/5) Lair:5
    Orc (2/2) D:12            Elf (0/3) Orc:2

Altars:
Ashenzari
Cheibriados
Dithmenos
Elyvilon
Fedhas
Gozag
Hepliaklqana
Kikubaaqudgha
Makhleb
Nemelex Xobeh
Okawaru
Qazlal
Ru
Sif Muna
Trog
Uskayaw
Vehumet
Wu Jian
Xom
Yredelemnul
Zin
The Shining One

Shops:
D:12 [   Orc:2 (

Annotations:
Lair:3 exclusion: oklob plant


Innate Abilities, Weirdness & Mutations

You reflexively headbutt those who attack you in melee.
You have a pair of horns on your head.
You are frail. (-10% HP)
You are resistant to hostile enchantments. (MR+)
Potions are less effective at restoring your health.
You expend magic power (3 MP) to strengthen your wands.


Message History

Press: ? - help, Shift-Dir - straight line, f/p - orc sorcerer
Aim: an orc sorcerer, wielding a dagger and wearing a robe (moderately wounded)
You throw a tomahawk.
The tomahawk hits the orc sorcerer but does no damage.
The orc sorcerer is moderately wounded.
The orc sorcerer casts a spell at you. The bolt of negative energy hits you!
You feel drained.
* * * LOW HITPOINT WARNING * * *
As you read the scroll of teleportation, it crumbles to dust.
You feel strangely unstable.
Your skin stops crawling.
You feel less resistant to hostile enchantments.
You block the orc sorcerer's attack. The sun demon barely misses you.
You furiously retaliate!
You headbutt the sun demon. You puncture the orc sorcerer!
Your weapon exudes an aura of protection.
The orc sorcerer is heavily wounded.
The orc sorcerer points at you and mumbles some strange words.
The bolt of negative energy hits you!
You feel drained.
You die...

.... ..
...#...
...#...
..(....
.......
#####(......
##.#.........
#..@o........
##.#3###..#..
##### .#


You could see a sun demon and an orc sorcerer.

Vanquished Creatures
  Kirke (Lair:4)
  Josephine (D:10)
  8 hydras
  Fannar (Lair:1)
  Harold (Lair:4)
  4 catoblepae
  The ghost of Mitsuki the Scorcher, a journeyman DEWz of Vehumet (Lair:3)
  2 two-headed ogres
  5 death yaks (Lair:6)
  A deep elf knight (Orc:2)
  3 skeletal warriors (D:12)
  3 unseen horrors
  A deep elf mage (Orc:2)
  Pikel (D:8)
  2 ugly things
  3 oklob plants
  3 manticores
  9 elephants
  2 black mambas
  11 spiny frogs
  A kobold demonologist (D:12)
  2 rime drakes
  6 komodo dragons
  6 trolls
  2 hornets
  12 blink frogs (Lair:2)
  8 hippogriffs
  2 redbacks (Lair:4)
  2 humans
  2 wyverns
  4 wraiths (D:10)
  52 yaks
  5 hogs
  2 basilisks
  A hungry ghost (D:12)
  3 swamp worms (Lair:4)
  An acid dragon (D:11)
  2 wargs (D:12)
  5 water moccasins
  7 porcupines
  2 sky beasts
  2 ice beasts
  5 orc warriors
  A phantom (D:11)
  A black bear (D:11)
  4 ogres
  4 wolves (Lair:6)
  6 centaurs
  17 crocodiles
  3 big kobolds (D:12)
  22 bullfrogs
  3 elf zombies (Ossuary)
  A water moccasin zombie (D:10)
  4 scorpions
  8 killer bees
  5 wights (D:11)
  An electric eel (Lair:4)
  3 crimson imps
  9 orc priests
  A bullfrog zombie (D:6)
  3 centaur zombies (Ossuary)
  2 human zombies (Ossuary)
  3 hounds
  6 jellies
  20 orc wizards
  A bullfrog skeleton (D:12)
  2 iguanas
  5 worker ants
  2 hound zombies (Ossuary)
  A hound skeleton (D:8)
  3 mummies (Ossuary)
  A howler monkey zombie (D:11)
  8 gnolls
  A howler monkey skeleton (D:9)
  10 adders
  2 shadow imps
  An adder zombie (Ossuary)
  An adder skeleton (D:5)
  2 worms (D:2)
  2 dart slugs
  4 leopard geckos
  46 orcs
  A ball python (D:5)
  3 bats
  2 giant cockroaches
  A gnoll zombie (Ossuary)
  9 goblins
  10 hobgoblins
  16 jackals
  3 quokkas
  3 frilled lizards
  5 goblin zombies (Ossuary)
  A hobgoblin zombie (Ossuary)
  A jackal skeleton (D:4)
  4 jackal zombies (Ossuary)
  16 kobolds
  3 kobold zombies (Ossuary)
  An orc zombie (Ossuary)
  5 quokka zombies
  11 rats
  4 rat zombies (Ossuary)
  A fungus (Lair:6)
516 creatures vanquished.

Vanquished Creatures (collateral kills)
  A two-headed ogre (D:10)
  2 skeletal warriors (D:12)
  The ghost of kkknotok the Transmogrifier, a novice OpTm of Elyvilon (D:6)
  4 yaks
  3 hogs (D:9)
  A wraith (D:10)
  A porcupine (D:11)
  A crocodile (D:10)
  3 orcs
17 creatures vanquished.

Vanquished Creatures (others)
  Nessos (D:12)
  A centaur (D:12)
  A bullfrog zombie (D:8)
  An orc (D:12)
  3 fungi
  9 plants
16 creatures vanquished.

Grand Total: 549 creatures vanquished

Notes
Turn   | Place    | Note
-------+----------+-------------------------------------------
     0 | D:1      | TheDeThijs the Minotaur Berserker began the quest for the Orb.
     0 | D:1      | Reached XP level 1. HP: 19/19 MP: 0/0
   137 | D:1      | Reached skill level 4 in Maces & Flails
   137 | D:1      | Reached XP level 2. HP: 16/27 MP: 1/1
   415 | D:1      | You fall through a shaft!
   415 | D:2      | Found a blossoming altar of Fedhas.
   420 | D:2      | Reached XP level 3. HP: 22/33 MP: 2/2
   434 | D:2      | Reached skill level 5 in Maces & Flails
   514 | D:2      | Reached ** piety under Trog
   589 | D:2      | Reached XP level 4. HP: 30/41 MP: 3/3
  1768 | D:3      | Found a sparkling altar of Nemelex Xobeh.
  2102 | D:3      | Reached skill level 6 in Maces & Flails
  2118 | D:3      | Reached *** piety under Trog
  2220 | D:4      | Noticed an ogre
  2232 | D:3      | Reached XP level 5. HP: 45/47 MP: 4/4
  2310 | D:3      | Found a glowing golden altar of the Shining One.
  2491 | D:4      | Reached skill level 1 in Shields
  2698 | D:4      | Found an ornate altar of the Wu Jian Council.
  2713 | D:5      | Entered Level 5 of the Dungeon
  2795 | D:4      | Found a hide-covered altar of Uskayaw.
  2918 | D:4      | Killed an ogre
  2918 | D:4      | Reached skill level 7 in Maces & Flails
  2918 | D:4      | Reached XP level 6. HP: 38/53 MP: 5/5
  3553 | D:5      | Found a shimmering altar of Xom.
  3753 | D:5      | Reached skill level 8 in Maces & Flails
  3908 | D:5      | Reached XP level 7. HP: 33/60 MP: 6/6
  4079 | D:5      | Reached skill level 9 in Maces & Flails
  4300 | D:6      | Noticed kkknotok's ghost (novice OpTm)
  4309 | D:6      | Found a sand-covered staircase.
  4312 | D:6      | Found a staircase to the Ecumenical Temple.
  4339 | Temple   | Entered the Ecumenical Temple
  4568 | Ossuary  | Entered an ossuary
  4579 | Ossuary  | Reached **** piety under Trog
  4705 | Ossuary  | Reached skill level 10 in Maces & Flails
  4732 | Ossuary  | Reached XP level 8. HP: 56/67 MP: 7/7
  4940 | Ossuary  | Reached skill level 11 in Maces & Flails
  4996 | D:6      | Reached ***** piety under Trog
  5066 | D:6      | Reached skill level 5 in Fighting
  5130 | D:6      | Reached skill level 12 in Maces & Flails
  5149 | D:6      | Noticed a hornet
  5165 | D:6      | Killed a hornet
  5265 | D:6      | Killed kkknotok's ghost
  5265 | D:6      | Reached XP level 9. HP: 75/75 MP: 8/8
  5271 | D:6      | Found a shimmering altar of Xom.
  5272 | D:6      | Found a radiant altar of Vehumet.
  5549 | D:7      | Reached skill level 13 in Maces & Flails
  5685 | D:7      | Found a white marble altar of Elyvilon.
  5853 | D:7      | Found a glowing silver altar of Zin.
  6321 | D:8      | Noticed a troll
  6328 | D:8      | Killed a troll
  6639 | D:8      | Reached skill level 14 in Maces & Flails
  6647 | D:8      | Noticed Pikel
  6650 | D:8      | Found a shattered altar of Ashenzari.
  6656 | D:8      | Killed Pikel
  7030 | D:9      | Found a shadowy altar of Dithmenos.
  7246 | D:9      | Noticed a two-headed ogre
  7263 | D:9      | Killed a two-headed ogre
  7263 | D:9      | Reached XP level 10. HP: 91/91 MP: 9/9
  7314 | D:9      | Found the ring of Phasing {EV+8}
  7410 | D:10     | Entered Level 10 of the Dungeon
  7818 | D:9      | Reached skill level 10 in Fighting
  7888 | D:9      | Reached skill level 5 in Armour
  8056 | D:9      | Found a sacrificial altar of Ru.
  8212 | D:9      | Found an ancient bone altar of Kikubaaqudgha.
  8518 | D:10     | Noticed Josephine
  8540 | D:10     | Killed Josephine
  8584 | D:10     | Killed an unseen horror
  8605 | D:10     | Noticed a two-headed ogre
  8622 | D:10     | Killed a two-headed ogre
  8622 | D:10     | Reached XP level 11. HP: 17/104 MP: 10/10
  9660 | D:11     | Found a staircase to the Lair.
  9947 | D:10     | Reached skill level 10 in Armour
 10016 | D:11     | Received a gift from Trog
 10128 | D:11     | Noticed a two-headed ogre
 10143 | D:11     | Killed a two-headed ogre
 10215 | D:11     | Noticed a green ugly thing
 10244 | D:11     | Killed a green ugly thing
 10554 | D:11     | Noticed a five-headed hydra
 10564 | D:11     | Killed a five-headed hydra
 10564 | D:11     | Reached skill level 5 in Shields
 11070 | Lair:1   | Entered Level 1 of the Lair of Beasts
 11215 | Lair:1   | Reached XP level 12. HP: 107/115 MP: 11/11
 11568 | Lair:1   | Noticed Fannar
 11597 | Lair:1   | Killed Fannar
 11724 | Lair:1   | Noticed a seven-headed hydra
 11730 | Lair:1   | Killed a seven-headed hydra
 11971 | Lair:2   | Reached skill level 5 in Dodging
 12312 | Lair:2   | Found a sacrificial altar of Ru.
 12869 | Lair:4   | Found a dark tunnel.
 13258 | Lair:3   | Noticed Mitsuki's ghost (journeyman DEWz)
 13272 | Lair:3   | Killed Mitsuki's ghost
 13534 | Lair:4   | Found a hole to the Spider Nest.
 13598 | Lair:4   | Received a gift from Trog
 13642 | Lair:4   | Found a glowing golden altar of the Shining One.
 13675 | Lair:4   | Reached XP level 13. HP: 124/124 MP: 5/12
 13693 | Lair:4   | Noticed Kirke
 13719 | Lair:4   | Killed Kirke
 13823 | Lair:4   | Noticed Harold
 13836 | Lair:4   | Killed Harold
 13836 | Lair:4   | Reached skill level 10 in Shields
 13914 | Lair:4   | Found a staircase to the Swamp.
 14321 | Lair:4   | Gained mutation: You are frail. (-10% HP) [potion of mutation]
 14321 | Lair:4   | Gained mutation: You expend magic power (3 MP) to strengthen your wands. [potion of mutation]
 14321 | Lair:4   | Gained mutation: Potions are less effective at restoring your health. [potion of mutation]
 14321 | Lair:4   | Gained mutation: You are resistant to hostile enchantments. (MR+) [potion of mutation]
 14807 | Lair:5   | Reached skill level 15 in Maces & Flails
 15088 | Lair:5   | Found a staircase to the Slime Pits.
 15500 | Lair:6   | Entered Level 6 of the Lair of Beasts
 15734 | Lair:6   | Reached ****** piety under Trog
 16220 | Lair:6   | Reached XP level 14. HP: 115/118 MP: 13/13
 16231 | Lair:6   | Reached skill level 16 in Maces & Flails
 17889 | D:12     | Noticed Nessos
 17894 | D:12     | Received a gift from Trog
 17933 | D:12     | Killed Nessos
 18148 | D:12     | Found Sias's Armour Shoppe.
 18180 | D:12     | Bought a +0 cloak for 67 gold pieces
 18180 | D:12     | Bought the +5 chain mail "Unebbotu" {+Inv rC+ Str+9 Dex-5} for 883 gold pieces
 18434 | D:12     | Found a staircase to the Orcish Mines.
 18625 | D:12     | Found a blossoming altar of Fedhas.
 19025 | Orc:1    | Entered Level 1 of the Orcish Mines
 19085 | Orc:2    | Entered Level 2 of the Orcish Mines
 19095 | Orc:2    | Found Kaumyla's Weapon Shoppe.
 19137 | Orc:2    | Found a staircase to the Elven Halls.
 19165 | Orc:2    | Noticed an orc warlord
 19526 | Orc:2    | Killed from afar by an orc sorcerer

Vault maps used:
D:1:      kennysheep_arrival_seaside
D:2:      fedhas_altar_3, first_bread
D:3:      tso_altar, lemuel_round_altar
D:4:      lemuel_crystal_altar, kennysheep_mini_moat
D:5:      xom_teletrap_fun
D:6:      gammafunk_temple_overflow_pools, temple_statues,
          nicolae_ossuary_entry_monument, kennysheep_boxes
D:7:      zin_academy, elyvilon_altar_1
D:8:      evilmike_ruin_ashenzari, uniq_pikel
D:9:      marbit_many_paths, nicolae_dithmenos_the_darkroom,
          nicolae_ru_path_of_blood, grunt_livestock
D:10:     uniq_josephine
D:11:     minmay_lair_entry_grove, minmay_misc_feat_tower
D:12:     erik_orc_4, serial_shops, shop, basic_altar, uniq_nessos
Temple:   compressed_dpeg_triangle_lava_temple
Lair:1:   uniq_fannar
Lair:2:   basic_altar
Lair:3:   infiniplex_staircase_pool, minmay_lair_oklob_chamber,
          lemuel_fruit_tree
Lair:4:   nicolae_swamp_entry_splash_gauntlet, spider_nest_entry_webs,
          basic_altar, nicolae_volcano_entry_hallway, uniq_harold, uniq_kirke
Lair:5:   minmay_slime_entry_oklob_enclosed, lab_entry_generic,
          grunt_megastairs_2
Lair:6:   evilmike_catoblepas_cave
Orc:1:    guppyfry_orc_lava_fort, uniq_erica, uniq_maurice
Orc:2:    st_orc_mages, serial_shops, nicolae_shop_waterfront,
          nicolae_shop_overgrown_old_shop, nicolae_shop_stone, shop, elf_legates
Ossuary:  minmay_ossuary_two_tombs

Skill      XL: |  1  2  3  4  5  6  7  8  9 10 11 12 13 14 |
---------------+-------------------------------------------+-----
Maces & Flails | 4 5 6 7 8 10 12 14 15 16 | 16.8
Fighting       | 4 5 9 11 13 14 | 14.1
Shields        | 2 3 4 5 9 12 14 | 14.7
Armour         | 4 8 11 12 | 12.7
Dodging        | 4 6 7 8 |  8.4
Stealth        | |  0.2

Action                   |  1- 3 |  4- 6 |  7- 9 | 10-12 | 13-15 || total
-------------------------+-------+-------+-------+-------+-------++-------
Melee: Mace              |    60 |    87 |       |       |       ||   147
       Headbutt          |    12 |    21 |    58 |   153 |   177 ||   421
       Flail             |       |    43 |   304 |   664 |   437 ||  1448
       Morningstar       |       |       |       |       |   208 ||   208
Throw: Javelin           |    10 |    13 |       |     5 |    19 ||    47
       Stone             |     1 |    15 |    30 |    24 |       ||    70
       Tomahawk          |       |    10 |    47 |    18 |    11 ||    86
Invok: Berserk           |       |     3 |     6 |     9 |     9 ||    27
       Trog's Hand       |       |     1 |     3 |     1 |     3 ||     8
       Burn Spellbooks   |       |       |     2 |       |     1 ||     3
       Brothers in Arms  |       |       |     2 |     4 |     2 ||     8
  Use: Potion            |       |     2 |     5 |     4 |    17 ||    28
       Scroll            |       |       |     6 |    15 |    13 ||    34
  Eat: Chunk             |       |    14 |    10 |    26 |     4 ||    54
       Royal jelly       |       |     1 |       |       |     5 ||     6
       Fruit             |       |     1 |       |       |     4 ||     5
       Bread ration      |       |     1 |       |       |     3 ||     4
       Meat ration       |       |       |       |     1 |       ||     1
Armor: Animal skin       |     2 |       |       |       |       ||     2
       Leather armour    |     3 |    12 |       |       |       ||    15
       Scale mail        |       |    24 |    72 |       |       ||    96
       Plate armour      |       |       |     5 |   254 |   143 ||   402
       Chain mail        |       |       |       |       |    51 ||    51
Dodge: Dodged            |    43 |    71 |    77 |   394 |   390 ||   975
Block: Buckler           |       |    14 |    62 |   165 |   251 ||   492
       Reflection        |       |       |       |       |    26 ||    26
       Large shield      |       |       |       |       |    78 ||    78

Table legend:
 A = Spawn XP
 B = Non-spawn XP
 C = Spawn XP percentage of total XP
 D = Spawn monster count
 E = Non-spawn monster count
 F = Spawn count percentage of total count
 G = Total turns spent on level
                    A         B        C        D         E        F      G
               +---------+---------+-------+---------+---------+-------+---------
         Total |       0 |   87833 |   0.0 |       0 |     536 |   0.0 | 19526
               +---------+---------+-------+---------+---------+-------+---------
           D:1 |       0 |      41 |   0.0 |       0 |      26 |   0.0 |   955
           D:2 |       0 |     119 |   0.0 |       0 |      27 |   0.0 |   766
           D:3 |       0 |      46 |   0.0 |       0 |      19 |   0.0 |   623
           D:4 |       0 |     238 |   0.0 |       0 |      12 |   0.0 |  1169
           D:5 |       0 |     430 |   0.0 |       0 |      21 |   0.0 |   685
           D:6 |       0 |    1445 |   0.0 |       0 |      22 |   0.0 |   715
           D:7 |       0 |     364 |   0.0 |       0 |       5 |   0.0 |   745
           D:8 |       0 |    1804 |   0.0 |       0 |      25 |   0.0 |   884
           D:9 |       0 |    2694 |   0.0 |       0 |      22 |   0.0 |  1261
          D:10 |       0 |    5722 |   0.0 |       0 |      39 |   0.0 |  1450
          D:11 |       0 |    6888 |   0.0 |       0 |      48 |   0.0 |  1212
          D:12 |       0 |   10288 |   0.0 |       0 |      55 |   0.0 |  1185
        Lair:1 |       0 |    5475 |   0.0 |       0 |      17 |   0.0 |   846
        Lair:2 |       0 |    8689 |   0.0 |       0 |      36 |   0.0 |   902
        Lair:3 |       0 |    2015 |   0.0 |       0 |      10 |   0.0 |   723
        Lair:4 |       0 |    6874 |   0.0 |       0 |      18 |   0.0 |   934
        Lair:5 |       0 |   10183 |   0.0 |       0 |      30 |   0.0 |  1109
        Lair:6 |       0 |   21511 |   0.0 |       0 |      54 |   0.0 |  2227
         Orc:2 |       0 |    2364 |   0.0 |       0 |      14 |   0.0 |   441
       Ossuary |       0 |     643 |   0.0 |       0 |      36 |   0.0 |   409
               +---------+---------+-------+---------+---------+-------+---------
